 Dungeon Crawl Stone Soup version 0.30.0-13-g156ef70053 (webtiles) character file.

Game seed: 14439777188137016800

17 booth the Conjurer (level 2, 0/22 HPs)
             Began as a Demonspawn Reaver on May 17, 2023.
             Slain by a jackal (3 damage)
             ... on level 1 of the Dungeon.
             The game lasted 00:05:16 (555 turns).

booth the Conjurer (Demonspawn Reaver)               Turns: 555, Time: 00:05:17

Health: 0/22       AC:  3    Str: 12    XL:     2   Next: 44%
Magic:  5/5        EV: 11    Int: 14    God:
Gold:   48         SH:  0    Dex: 11    Spells: 2/5 levels left

rFire   . . .        c - +3 spear
rCold   . . .        (no shield)
rNeg    . . .        b - +0 leather armour
rPois   .            (no helmet)
rElec   .            (no cloak)
rCorr   .            (no gloves)
SInv    .            (no boots)
Will    .....        (no amulet)
Stlth   +            (no ring)
HPRegen 0.23/turn    (no ring)
MPRegen 0.09/turn

%: no passive effects
@: brilliant
A: foul stench 1
a: no special abilities


You were on level 1 of the Dungeon.
You visited 1 branch of the dungeon, and saw 1 of its levels.

You collected 48 gold pieces.

Inventory:

Hand Weapons
 c - a +3 spear (weapon)
 e - a +1 vampiric hand axe
Armour
 b - a +0 leather armour (worn)


   Skills:
 + Level 2.2 Fighting
 + Level 2.8 Axes
 + Level 2.0 Dodging
 + Level 2.2 Spellcasting
 + Level 3.1 Conjurations


You had 2 spell levels left.
You knew the following spells:

 Your Spells              Type           Power      Damage    Failure   Level
a - Kiss of Death         Conj/Necr      36%        2d8       16%         1
b - Momentum Strike       Conj/Tloc      18%        3d8       24%         2

Your spell library contained the following spells:

 Spells                   Type           Power      Damage    Failure   Level
 Hailstorm                Conj/Ice       9%         3d4       43%         3


Dungeon Overview and Level Annotations

Branches:
Dungeon (1/15)

Altars:


Innate Abilities, Weirdness & Mutations

You may rarely emit foul miasma when damaged in melee.


Message History

You hit the jackal.
You kill the jackal!
The jackal misses you.
The hobgoblin hits you but does no damage.
The jackal bites you.
You are too injured to fight recklessly!
You are too injured to fight recklessly!
You hit the hobgoblin.
The hobgoblin is lightly wounded.
The jackal closely misses you.
The hobgoblin hits you but does no damage.
You hit the hobgoblin. Your punch misses the hobgoblin.
The hobgoblin is almost dead.
The jackal bites you.
The hobgoblin hits you but does no damage.
The kobold hits you with a +0 whip. The jackal bites you.
The kobold attacks as you move away! The kobold hits you with a +0 whip.
The hobgoblin barely misses you.
You hit the hobgoblin.
You kill the hobgoblin!
The jackal barely misses you. The jackal bites you.
* * * LOW HITPOINT WARNING * * *
You barely miss the jackal.
A jackal comes into view.
The jackal bites you but does no damage.
You closely miss the jackal. The jackal bites you.
* * * LOW HITPOINT WARNING * * *
The jackal bites you.
* * * LOW HITPOINT WARNING * * *
It was a potion of brilliance.
You feel clever all of a sudden.
The jackal barks!
The jackal bites you but does no damage.
The jackal attacks as you move away! The jackal barely misses you.
The jackal closely misses you. The jackal misses you.
The jackal attacks as you move away! The jackal bites you.
* * * LOW HITPOINT WARNING * * *
The jackal barely misses you. The jackal bites you.
You die...

##.. #.#.### ## #...
#.#.............
.....#.#..##........#
....##.#............#
#....#.#...#........#
###
#.#........#........#
#.#
..#....#...#.....[..#
#.#
##.........#...h....#
#.#
..........†...Kh@...#
#.#
..#..################
#.# .............#
#.# #..........#.#
#.# ##########.#.#
#.# .# #.#.# #.####
.## #.#.#######
#....# #.#
#.#.......########.#
#.#
#.#.......'.....##.#


You could see 2 jackals and a kobold.

Vanquished Creatures
  An endoplasm (D:1)
  2 giant cockroaches (D:1)
  3 goblins (D:1)
  3 hobgoblins (D:1)
  A jackal (D:1)
  2 quokkas (D:1)
  A kobold (D:1)
13 creatures vanquished.

Notes
Turn   | Place    | Note
-------+----------+-------------------------------------------
     0 | D:1      | booth the Demonspawn Reaver began the quest for the Orb.
     0 | D:1      | Reached XP level 1. HP: 16/16 MP: 3/3
   305 | D:1      | Gained mutation: You may rarely emit foul miasma when
                  | damaged in melee. [demonic ancestry]
   305 | D:1      | Reached XP level 2. HP: 22/22 MP: 5/5
   308 | D:1      | Learned a level 2 spell: Momentum Strike
   555 | D:1      | Slain by a jackal

Illustrated notes

Levels and vault maps discovered:
D:1:      dpeg_arrival_morbid_curiosity, layout_basic, serial_park_tiny_pond,
          wander_ebering_terrifying_dragon_lair

Skill      XL: |  1  2 |
---------------+-------+-----
Dodging        | 2 |  2.0
Fighting       | |  2.2
Axes           | |  2.8
Spellcasting   | |  2.2
Conjurations   | |  3.1

Action                     || total
---------------------------++-------
  Melee: Spear             ||    41
         Hand axe          ||     4
    Use: Potion            ||     1
 Armour: Leather armour    ||    15
  Dodge: Dodged            ||    23
